 Dungeon Crawl Stone Soup version 0.19-a0-791-g6e182cc (webtiles) character file.

30 Laraso the Firebug (level 3, 12/19 HPs)
             Began as a Kobold Fire Elementalist on June 27, 2016.
             Quit the game on level 2 of the Dungeon.
             The game lasted 00:03:46 (1035 turns).

Laraso the Firebug (Kobold Fire Elementalist)       Turns: 1035, Time: 00:03:47

Health: 12/19      AC:  3    Str:  6    XL:     3   Next: 35%
Magic:  0/6        EV: 15    Int: 19    God:
Gold:   72         SH:  0    Dex: 16    Spells: 3 memorised, 0 levels left

rFire  . . .     SeeInvis .     i - +0 mace
rCold  . . .     Gourm    .     a - +0 robe
rNeg   . . .     Faith    .     (shield restricted)
rPois  .         Spirit   .     (no helmet)
rElec  .         Dismiss  .     (no cloak)
rCorr  .         Reflect  .     (no gloves)
SustAt .         Harm     .     f - +0 pair of boots
MR     .....                    (no amulet)
Stlth  ++........               (no ring)
                                (no ring)

@: brilliant, lethally poisoned (12 -> -2), very slightly contaminated, hasted,
very quick, not resistant to hostile enchantments, unstealthy
A: carnivore 3
a: no special abilities


You were on level 2 of the Dungeon.
You were completely stuffed.

You visited 1 branch of the dungeon, and saw 2 of its levels.

You collected 72 gold pieces.

Inventory:

Hand Weapons
 i - a +0 mace (weapon)
Armour
 a - a +0 robe (worn)
 f - a +0 pair of boots (worn)
Potions
 e - a potion of brilliance
Books
 b - a book of Flames

   Spells                             Type                      Level
   a - Flame Tongue                   Conjuration/Fire             1
   b - Throw Flame                    Conjuration/Fire             2
   c - Conjure Flame                  Conjuration/Fire             3
   d - Inner Flame                    Hexes/Fire                   3
   e - Sticky Flame                   Conjuration/Fire             4
   f - Fireball                       Conjuration/Fire             5
Comestibles
 c - a meat ration
 h - a chunk of flesh
 m - a royal jelly


   Skills:
 - Level 2.4 Dodging
 - Level 2.6 Stealth
 - Level 2.0 Spellcasting
 * Level 2.7 Conjurations
 - Level 3.0 Fire Magic


You couldn't memorise any spells.
You knew the following spells:

 Your Spells              Type           Power        Failure   Level  Hunger
a - Flame Tongue          Conj/Fire      ###..        1%          1    #......
b - Throw Flame           Conj/Fire      ###...       1%          2    ###....
c - Conjure Flame         Conj/Fire      ###.....     2%          3    ###....


Dungeon Overview and Level Annotations

Branches:
Dungeon (2/15)

Altars:


Innate Abilities, Weirdness & Mutations

You are small and have problems with some larger weapons.
You are carnivorous and can eat meat at any time.


Message History

The adder completely misses you. The adder misses you.
You now have 0/6 mp.
Unknown command.
Unknown command.
The adder misses you.
The adder barely misses you. 2 adders come into view.
Found 2 gold pieces.
Okay, then.
The adder misses you.
Unknown command.
Aim: an adder (moderately wounded)
The flame tongue misses the adder.
* * * LOW MAGIC WARNING * * *
The adder closely misses you.
You now have 0/6 mp.
Unknown command.
The adder bites you but does no damage. The adder bites you.
You are poisoned.
The adder poisons you!
You take 2 damage, and have 13/19 hp.
You feel sick. The adder bites you but does no damage.
You take 1 damage, and have 12/19 hp.
Unknown command.
You feel sick.
It was a potion of brilliance.
You feel clever all of a sudden. The adder bites you.
* * * LOW HITPOINT WARNING * * *
You are lethally poisoned!
The adder poisons you!
You take 2 damage, and have 10/19 hp.
Unknown command.
It was a potion of heal wounds.
You feel much better.
You feel sick. The adder barely misses you. The adder closely misses you.
You regained 8 hp, and now have 18/19 hp.
Unknown command.
Unknown command.
There is a stone staircase leading up here.
Unknown command.
Aim: an adder (moderately wounded)
The flame tongue hits the adder.
* * * LOW MAGIC WARNING * * *
You feel sick. The adder closely misses you.
You take 1 damage, and have 17/19 hp.
You now have 0/6 mp.
Unknown command.
Unknown command.
You closely miss the adder.
You feel sick. The adder misses you. The adder bites you.
You are lethally poisoned!
The adder poisons you!
You take 4 damage, and have 13/19 hp.
MASSIVE DAMAGE!!
It was a potion of haste.
You feel yourself speed up.
You feel sick. The adder barely misses you.
You take 1 damage, and have 12/19 hp.
Unknown command.
You don't have enough magic to cast that spell.
Unknown command.

#...S....$,..#,**,****
#..#####*,*#.#.#*.# *
#......#,,,#.#.##.##**
###......#,,,#.#......**
#........#8_8#........,,
#.#......#**##...##.#,**
#.#......####.........*
*#.#....S............##**
*.>.....@..=...........,,
*....#..#..##.###.##.##**
*....#..#..##.# *.#*,..,*
*#..,#........# *.#**,.,*
#.,,......#### *.# *,,,*
*,,##.#...#*****,* *,***
*,,*#.#....,,,,*,***,***
**,*#.#..##**,,*,**<,,,,
*,,,,,,,,,,,,,,,,****,**


You could see an adder.

Vanquished Creatures
  2 giant geckos (D:1)
  2 bats (D:1)
  3 giant cockroaches
  5 goblins (D:1)
  4 hobgoblins (D:1)
  A giant newt (D:1)
  2 kobolds (D:1)
  6 rats (D:1)
25 creatures vanquished.

Notes
Turn   | Place    | Note
--------------------------------------------------------------
     0 | D:1      | Laraso the Kobold Fire Elementalist began the quest for the Orb.
     0 | D:1      | Reached XP level 1. HP: 10/10 MP: 3/3
    36 | D:1      | Reached skill level 1 in Conjurations
   161 | D:1      | Reached XP level 2. HP: 15/15 MP: 0/5
   257 | D:1      | Reached skill level 2 in Conjurations
   467 | D:1      | Reached XP level 3. HP: 16/19 MP: 2/6
   605 | D:1      | Learned a level 2 spell: Throw Flame
   609 | D:1      | Learned a level 3 spell: Conjure Flame
  1035 | D:2      | Quit the game

Vault maps used:
D:1:      lemuel_arrival_muddy
D:2:      grunt_gozag_breadcrumbs, first_bread

Skill      XL: |  1  2 |
---------------+-------+-----
Conjurations   | 1 2 |  2.7
Dodging        | |  2.4
Stealth        | |  2.6
Spellcasting   | |  2.0
Fire Magic     | |  3.0

Action                   || total
-------------------------++-------
Melee: Whip              ||     1
       Mace              ||    17
 Cast: Flame Tongue      ||    35
       Throw Flame       ||     4
  Use: Scroll            ||     4
       Potion            ||     3
  Eat: Chunk             ||    10
Armor: Robe              ||     8
Dodge: Dodged            ||    36

Table legend:
 A = Kills in this place as a percentage of kills in entire the game.
 B = Kills by you in this place as a percentage of kills by you in the entire game.
 C = Kills by friends in this place as a percentage of kills by friends in the entire game.
 D = Other kills in this place as a percentage of other kills in the entire game.
 E = Experience gained in this place as a percentage of experience gained in the entire game.
 F = Experience gained in this place divided by the number of levels of this place that you have seen.
                   A       B       C       D       E      F
               +-------+-------+-------+-------+-------+----------------------
         Total | 100.0 | 100.0 |  -nan |  -nan | 100.0 |  21.5
       Dungeon | 100.0 | 100.0 |  -nan |  -nan | 100.0 |  21.5
               +-------+-------+-------+-------+-------+----------------------

Table legend:
 A = Turns spent in this place as a percentage of turns spent in the entire game.
 B = Non-inter-level travel turns spent in this place as a percentage of non-inter-level travel turns spent in the entire game.
 C = Inter-level travel turns spent in this place as a percentage of turns spent in this place.
 D = Turns resting spent in this place as a percentage of non-inter-level travel turns spent in this place.
 E = Turns spent auto-exploring this place as a percentage of non-inter-level travel turns spent in this place.
 F = Non-inter-level travel turns spent in this place divided by the number of levels of this place that you've seen.
                   A       B       C       D       E      F
               +-------+-------+-------+-------+-------+----------------------
         Total | 100.0 | 100.0 |   0.4 |   7.4 |   8.0 | 236.5
       Dungeon | 100.0 | 100.0 |   0.4 |   7.4 |   8.0 | 236.5
               +-------+-------+-------+-------+-------+----------------------

Vault maps used:
D:1:      lemuel_arrival_muddy
D:2:      grunt_gozag_breadcrumbs, first_bread
